 Dungeon Crawl Stone Soup version 0.17-a0-1650-gce8475a (webtiles) character file.

11622 LilCorpsy the Impaler (level 11, -5/84 HPs)
             Began as a Merfolk Gladiator on Aug 13, 2015.
             Was a High Priest of Okawaru.
             Killed from afar by a deep elf mage (14 damage)
             ... with a shard of ice
             ... on level 11 of the Dungeon.
             The game lasted 00:35:38 (14428 turns).

LilCorpsy the Impaler (Merfolk Gladiator)          Turns: 14428, Time: 00:35:38

Health: -5/84      AC:  6    Str: 34    XL:     11   Next: 80%
Magic:  5/5        EV: 26    Int:  4    God:    Okawaru [*****.]
Gold:   306        SH:  0    Dex: 21    Spells: 0 memorised, 10 levels left

rFire  . . .     SeeInvis .     m - +0 trident "Feoc" {antimagic, Str+7 Int-3}
rCold  . . .     Clarity  .     y - +2 robe {rN+}
rNeg   + + .     SustAt   .     (no shield)
rPois  .         Gourm    .     c - +1 helmet
rElec  .         Spirit   .     (no cloak)
rCorr  .         Warding  +     (no gloves)
rMut   .         Stasis   .     (no boots)
MR     .....                    t - amulet "Imuh" {Ward rN+ Str+6}
Stlth  ++........               a - +4 ring of strength
                                w - +2 ring of strength

@: vulnerable, not resistant to hostile enchantments, unstealthy
A: change form in water, swift swim, claws 1, agile 1, subdued magic 1
a: Heroism, Finesse, Renounce Religion


You were on level 11 of the Dungeon.
You worshipped Okawaru.
Okawaru was extremely pleased with you.
You were not hungry.

You visited 1 branch of the dungeon, and saw 11 of its levels.

You collected 680 gold pieces.
You spent 374 gold pieces at shops.

Inventory:

Hand weapons
 m - the +0 trident "Feoc" (weapon) {antimagic, Str+7 Int-3}
   (You bought it in a shop on level 8 of the Dungeon)

   It disrupts the flow of magical energy around spellcasters and certain
   magical creatures (including the wielder).
   It affects your strength (+7).
   It affects your intelligence (-3).
Missiles
 d - 3 throwing nets (quivered)
 x - 5 needles of confusion
Armour
 c - a +1 helmet (worn)
 y - a +2 robe of positive energy (worn)
 B - a +3 plate armour of fire resistance
Jewellery
 a - a +4 ring of strength (right claw)
 t - the amulet "Imuh" (around neck) {Ward rN+ Str+6}
   (You found it on level 4 of the Dungeon)

   [amulet of warding]

   It may prevent the melee attacks of summoned creatures.
   It affects your strength (+6).
   It protects you from negative energy.
 w - a +2 ring of strength (left claw)
Magical devices
 g - a wand of slowing (48)
 A - a wand of polymorph (10)
Scrolls
 h - 6 scrolls of identify
 i - 2 scrolls of remove curse
 j - 3 scrolls of fog
 k - 3 scrolls of magic mapping
 r - 4 scrolls of teleportation
 v - a scroll of enchant weapon
 z - a scroll of enchant armour
Potions
 b - 3 potions of cure mutation
 q - a potion of haste
 s - a potion of brilliance
Comestibles
 f - 6 bread rations


   Skills:
 + Level 7.4 Fighting
 * Level 15.9 Polearms
 - Level 2.0 Throwing
 * Level 14.7 Dodging
 - Level 6.0 Invocations


You had 10 spell levels left.
You didn't know any spells.

Dungeon Overview and Level Annotations

Branches:
Dungeon (11/15)            Temple (0/1) D:7            Lair (0/8) D:8
    Orc (0/4) D:11

Altars:
Ashenzari
Cheibriados
Kikubaaqudgha
Makhleb
Nemelex Xobeh
Okawaru
Qazlal
Sif Muna
Trog
Xom
Zin
The Shining One

Shops:
D:8 %(*   D:10 }%*


Innate Abilities, Weirdness & Mutations

You revert to your normal form in water.
You are very nimble and swift while swimming.
You have sharp fingernails.
You are agile. (Dex +2)
Your spells are a little easier to cast, but a little less powerful.


Message History

There is an open door here.
A deep elf mage comes into view. It is wielding a long sword.
The deep elf mage shouts!
As you read the scroll labeled RYSUQE HULYA, it crumbles to dust.
Magic quickly surges around you.
It was a scroll of vulnerability.
As you read the scroll labeled YSKOGA ITAUVOGI, it crumbles to dust.
It is a scroll of recharging.
Charge which item? (? for menu, Esc to quit)
Your wand of slowing glows for a moment.
Throwing (i - inventory):
d - 4 throwing nets (quivered)
Press: ? - help, Shift-Dir - straight line, f - deep elf mage
Aim: a deep elf mage, wielding a long sword (susceptible to magic)
You throw a throwing net.
The throwing net hits the deep elf mage.
The deep elf mage is caught in the net!
The deep elf mage struggles to escape the net.
The deep elf mage struggles to escape the net.
The deep elf mage gestures at you while chanting.
The shard of ice hits you!
You die...

#### ###.... .......
.≈≈.≈o. #### ...≈≈≈. .
###+###..##..≈≈≈≈≈
....#.....'.).#..≈≈≈≈≈
...>.e.@..#......;≈≈≈≈
......#+###'##...≈≈≈≈.
##### #.###....... ...
....... $... .......
...... ....... .....##
###.### .#


You could see a deep elf mage (caught).

Vanquished Creatures
  The ghost of spanner the Covert, an experienced SpEn of Gozag (D:10)
  An orc sorcerer (D:11)
  A gargoyle (D:10)
  An efreet (D:10)
  The ghost of chimenez the Shield-Bearer, an average HOFi of Dithmenos (D:6)
  A troll (D:10)
  A two-headed ogre (D:11)
  A spriggan (D:7)
  A trapdoor spider (D:10)
  15 yaks
  2 hungry ghosts (D:11)
  A wolf (D:11)
  4 hippogriffs
  A basilisk (D:11)
  A steam dragon (D:10)
  2 water moccasins
  An eye of draining (D:9)
  4 phantoms
  A sky beast (D:9)
  The ghost of LilCorpsy the Sneak, an average NaAs (D:3)
  2 black bears
  A necrophage (D:7)
  3 ogres (D:5)
  8 orc warriors
  A crocodile (D:10)
  A big kobold (D:9)
  6 centaurs
  10 giant frogs
  A gnoll sergeant (D:10)
  2 troll zombies (D:11)
  8 killer bees
  2 scorpions
  4 wights (D:9)
  2 crimson imps
  2 giant frog zombies
  A jelly (D:6)
  5 orc priests
  17 orc wizards
  Crazy Yiuf (D:3)
  2 giant frog skeletons
  Ijyb (D:3)
  Jessica (D:3)
  3 hounds (D:7)
  2 iguanas (D:8)
  5 worker ants
  A giant frog simulacrum (D:11)
  6 ogre zombies (D:11)
  2 hound zombies
  A hound skeleton (D:8)
  10 gnolls
  19 adders
  3 white imps (D:11)
  7 shadow imps
  An ooze (D:3)
  An adder zombie (D:8)
  2 adder skeletons
  5 worms
  4 giant geckos
  51 orcs
  10 bats
  7 giant cockroaches
  8 goblins
  13 hobgoblins
  6 jackals
  3 quokkas
  A ball python zombie (D:5)
  A giant gecko skeleton (D:5)
  A giant gecko zombie (D:8)
  5 giant newts
  A goblin skeleton (D:11)
  4 goblin zombies (D:11)
  2 hobgoblin skeletons (D:11)
  A hobgoblin zombie (D:11)
  7 kobolds
  An orc skeleton (D:11)
  14 orc zombies (D:11)
  A quokka zombie (D:9)
  5 rats
  2 bushes (D:10)
339 creatures vanquished.

Vanquished Creatures (others)
  4 toadstools (D:1)
4 creatures vanquished.

Grand Total: 343 creatures vanquished

Notes
Turn   | Place    | Note
--------------------------------------------------------------
     0 | D:1      | LilCorpsy the Merfolk Gladiator began the quest for the Orb.
     0 | D:1      | Reached XP level 1. HP: 16/16 MP: 1/1
   252 | D:1      | Reached XP level 2. HP: 22/22 MP: 2/2
   603 | D:1      | Reached skill level 5 in Polearms
   844 | D:2      | Reached XP level 3. HP: 27/27 MP: 3/3
   906 | D:2      | Reached skill level 5 in Dodging
  1179 | D:2      | Reached XP level 4. HP: 22/33 MP: 4/4
  1629 | D:3      | Reached skill level 6 in Polearms
  1833 | D:3      | Found a glowing golden altar of the Shining One.
  1859 | D:3      | Noticed Jessica
  1867 | D:3      | Killed Jessica
  1877 | D:3      | Noticed Ijyb
  1897 | D:3      | Noticed LilCorpsy's ghost (average NaAs)
  1903 | D:3      | Killed Ijyb
  1903 | D:3      | Reached XP level 5. HP: 36/38 MP: 5/5
  1926 | D:3      | Killed LilCorpsy's ghost
  1926 | D:3      | Reached skill level 7 in Polearms
  1926 | D:3      | Reached XP level 6. HP: 30/44 MP: 6/6
  2792 | D:3      | Noticed Crazy Yiuf
  2804 | D:3      | Killed Crazy Yiuf
  3724 | D:4      | Got a smoking jade amulet
  3757 | D:4      | Reached skill level 8 in Polearms
  3927 | D:4      | Found a snail-covered altar of Cheibriados.
  4053 | D:4      | Found a deep blue altar of Sif Muna.
  4212 | D:4      | Reached XP level 7. HP: 35/50 MP: 7/7
  4348 | D:5      | Entered Level 5 of the Dungeon
  4554 | D:5      | Found a glowing golden altar of the Shining One.
  4664 | D:5      | Reached skill level 9 in Polearms
  4863 | D:5      | Identified the amulet "Imuh" {Ward rN+ Str+6} (You found it on level 4 of the Dungeon)
  4991 | D:5      | Found a shattered altar of Ashenzari.
  5116 | D:5      | Found an iron altar of Okawaru.
  5121 | D:5      | Became a worshipper of Warmaster Okawaru
  5564 | D:5      | Reached XP level 8. HP: 40/57 MP: 8/8
  5983 | D:6      | Reached skill level 10 in Polearms
  5983 | D:6      | Reached skill level 1 in Invocations
  6049 | D:6      | Found a stormy altar of Qazlal.
  6075 | D:6      | Noticed chimenez's ghost (average HOFi)
  6098 | D:6      | Killed chimenez's ghost
  6098 | D:6      | Acquired Okawaru's first power
  6631 | D:6      | Reached skill level 10 in Dodging
  6701 | D:6      | Reached skill level 11 in Polearms
  6986 | D:6      | Reached XP level 9. HP: 25/64 MP: 11/11
  7953 | D:7      | Reached skill level 12 in Polearms
  8091 | D:7      | Found a bloodstained altar of Trog.
  8095 | D:7      | Found a staircase to the Ecumenical Temple.
  8639 | D:8      | Found a sparkling altar of Nemelex Xobeh.
  8891 | D:8      | Found a burning altar of Makhleb.
  8927 | D:8      | Found Evefuac's General Store.
  9237 | D:8      | Found Samuwe's Weapon Shop.
  9240 | D:8      | Found a staircase to the Lair.
  9245 | D:8      | Bought the cursed +0 trident "Feoc" {antimagic, Str+7 Int-3} for 190 gold pieces
  9265 | D:8      | Found a glowing silver altar of Zin.
  9423 | D:8      | Reached XP level 10. HP: 47/73 MP: 4/13
  9441 | D:8      | Reached skill level 5 in Fighting
  9554 | D:8      | Reached skill level 13 in Polearms
  9801 | D:8      | Found Withoata's Food Shoppe.
 10068 | D:9      | Reached skill level 5 in Invocations
 10703 | D:9      | Found an ancient bone altar of Kikubaaqudgha.
 10829 | D:9      | Reached skill level 14 in Polearms
 11183 | D:9      | Found a shimmering altar of Xom.
 11312 | D:10     | Entered Level 10 of the Dungeon
 11328 | D:10     | Found Gocraenu's Food Shop.
 11338 | D:10     | Acquired Okawaru's second power
 11552 | D:10     | Found Neugiov's Gadget Emporium.
 11596 | D:10     | Reached XP level 11. HP: 75/81 MP: 5/15
 11631 | D:10     | Received a gift from Okawaru
 11790 | D:10     | Noticed spanner's ghost (experienced SpEn)
 11802 | D:10     | Killed spanner's ghost
 11802 | D:10     | Reached skill level 15 in Polearms
 12051 | D:10     | Noticed a hill giant
 12125 | D:10     | Received a gift from Okawaru
 12517 | D:10     | Found Acon's Assorted Antiques.
 12522 | D:10     | Bought a glowing robe for 15 gold pieces
 12522 | D:10     | Bought an ivory ring for 110 gold pieces
 12536 | D:10     | Bought 3 glowing puce potions for 59 gold pieces
 12539 | D:10     | Gained mutation: Your spells are a little easier to cast, but a little less powerful. [potion of mutation]
 12539 | D:10     | Gained mutation: You have sharp fingernails. [potion of mutation]
 12539 | D:10     | Gained mutation: You are agile. (Dex +2) [potion of mutation]
 12944 | D:10     | Found an ancient bone altar of Kikubaaqudgha.
 14048 | D:11     | Found a staircase to the Orcish Mines.
 14394 | D:11     | HP: 6/126 [electric eel/bolt of electricity (9)]
 14420 | D:11     | HP: 2/84 [electric eel/bolt of electricity (5)]
 14428 | D:11     | Killed from afar by a deep elf mage

Vault maps used:
D:1:      ldierk_walled_garden_2
D:3:      wad_lake_hut, tso_metal_star, uniq_crazy_yiuf_cottage, uniq_iyjb,
          uniq_jessica
D:4:      kennysheep_mini_moat, cheibriados_altar_1, first_bread,
          hangedman_decor_opposing
D:5:      old_standard_altar, overflow_temple_1_default, lemuel_crystal_altar
D:6:      lemuel_round_altar
D:7:      lemuel_crystal_altar, minmay_temple_entry_statues, the_bakery
D:8:      lemuel_coloured_pillars_altar, kennysheep_little_box, lair_0_dummy,
          serial_shops, shop, nicolae_shop_trees, shop_coins,
          nemelex_xobeh_ov_fountains_minmay
D:9:      tgw_xom, kiku_gazebo_pond_becter
D:10:     basic_altar, serial_co_window_serial, co_window_paths_b,
          co_window_corner_a, co_window_corner_a, co_window_corner_a,
          co_window_paths_b, co_window_corner_cb, co_window_2corner,
          co_window_corner_b, co_window_broadway_a, co_window_of_opportunity_b,
          co_window_cross_4, co_window_broadway_c, co_window_4corner_a,
          glass_columns_c, glass_columns_a, glass_columns_b, glass_columns_a,
          glass_columns_c, serial_shops, nicolae_shop_crystal, shop,
          nicolae_shop_crystal, minmay_hedge_maze
D:11:     zombieorc2_lemuel, serial_ice, serial_ice_m, serial_ice_h,
          serial_ice_d, serial_ice_b, serial_ice_i, serial_ice_n, serial_ice_c,
          serial_ice_g, serial_ice_a, serial_ice_f, uniq_fannar, uniq_harold

Action                   |  1- 3 |  4- 6 |  7- 9 | 10-12 || total
-------------------------+-------+-------+-------+-------++-------
Melee: Trident           |   103 |   308 |   536 |   846 ||  1793
Throw: Throwing net      |       |       |       |     2 ||     2
  Use: Scroll            |       |     7 |     9 |     7 ||    23
       Potion            |       |     4 |     7 |     9 ||    20
 Stab: Sleeping          |     3 |     3 |     2 |     8 ||    16
       Distracted        |       |       |     2 |     2 ||     4
       Fleeing           |       |       |     1 |       ||     1
  Eat: Bread ration      |       |     1 |     3 |     1 ||     5
       Beef jerky        |       |     1 |     1 |     1 ||     3
       Meat ration       |       |     1 |     1 |     1 ||     3
       Fruit             |       |       |       |     5 ||     5
       Pizza             |       |       |       |     1 ||     1
